| TOP OF THE 1ST |
|
Hillsboro Hops batting - Pitching for State College Spikes : RHP Nick Mistretta
|
|
Pitching: RHP Nick Mistretta
|
|
|
Batting: RHB Brandon Joshua
|
0-0: Ball 1-0: Ball 2-0: Swinging Strike 2-1: Ball 3-1: Called Strike 3-2: SINGLE (Groundball, 56, EV 81.2 MPH) (infield hit)
|
|
Batting: LHB Soo-yeon Kym
|
0-0: Foul Ball, location: 2F 0-1: Ball Brandon Joshua steals 2nd, throwing error, E2 Brandon Joshua to third 1-1: Called Strike 1-2: Ball 2-2: Strikes out swinging
|
|
Batting: RHB Wen-hua Lei
|
0-0: Ball 1-0: Ball 2-0: Called Strike 2-1: Ball 3-1: Foul Ball, location: 2F 3-2: SINGLE (Groundball, 56S, EV 68.8 MPH) (infield hit) Brandon Joshua scores
|
|
Batting: RHB Ian Sousa
|
0-0: Fielders Choice at 2nd, 4-6 (Groundball, 4, EV 82.5 MPH)
|
|
Batting: RHB Josh Burrows
|
0-0: Foul Ball, location: 2F 0-1: Called Strike 0-2: SINGLE (Flyball, 34D, EV 83.8 MPH) Ian Sousa to second Runner from 2nd tries for 3rd, SAFE, throw by RF made to third
|
|
Batting: RHB Jeremy Adams
|
0-0: Called Strike 0-1: Foul Ball, location: 2F 0-2: Strikes out swinging
|
| Top of the 1st over - 1 run, 3 hits, 1 error, 2 left on base; Hillsboro 1 - State College 0 |
| BOTTOM OF THE 1ST |
|
State College Spikes batting - Pitching for Hillsboro Hops : RHP John Palumbo
|
|
Pitching: RHP John Palumbo
|
|
|
Batting: RHB Tim Cleary
|
0-0: Fly out, F8 (Flyball, 78M, EV 92.5 MPH)
|
|
Batting: RHB Fekadu Alhaadi
|
0-0: Called Strike 0-1: Called Strike 0-2: Ball 1-2: Ball 2-2: Strikes out swinging
|
|
Batting: LHB Billy Guzman
|
0-0: SINGLE (Groundball, 56D, EV 93.8 MPH)
|
|
Batting: LHB Travis Ruppel
|
0-0: Called Strike Billy Guzman steals 2nd base 0-1: Swinging Strike 0-2: Ball 1-2: Fly out, F4 (Popup, 4MS, EV 61.2 MPH)
|
| Bottom of the 1st over - 0 runs, 1 hit, 0 errors, 1 left on base; Hillsboro 1 - State College 0 |
| TOP OF THE 2ND |
|
Hillsboro Hops batting - Pitching for State College Spikes : RHP Nick Mistretta
|
|
Batting: RHB Antonio Luisa
|
0-0: Ball 1-0: Swinging Strike 1-1: Called Strike 1-2: SINGLE (Flyball, 34D, EV 86.9 MPH)
|
|
Batting: LHB Ivan Cortez
|
0-0: Foul Ball, location: 2F 0-1: SINGLE (Groundball, 34D, EV 100.6 MPH) Antonio Luisa to second Runner from 2nd tries for 3rd, SAFE, throw by RF made at trailing runner, OUT! 9-6
|
|
Batting: RHB Trevor Corey
|
0-0: Ball 1-0: Foul Ball, location: 2F 1-1: Swinging Strike 1-2: Strikes out swinging
|
|
Batting: RHB Brandon Joshua
|
0-0: Called Strike 0-1: Called Strike 0-2: Strikes out looking
|
| Top of the 2nd over - 0 runs, 2 hits, 0 errors, 1 left on base; Hillsboro 1 - State College 0 |
| BOTTOM OF THE 2ND |
|
State College Spikes batting - Pitching for Hillsboro Hops : RHP John Palumbo
|
|
Batting: RHB Jose Jimenez
|
0-0: Called Strike 0-1: Swinging Strike 0-2: Foul Ball, location: 2F 0-2: Ball 1-2: Ball 2-2: Ball 3-2: Strikes out swinging
|
|
Batting: LHB Jorge Zarazua
|
0-0: Ball 1-0: Ball 2-0: Ball 3-0: Called Strike 3-1: Base on Balls
|
|
Batting: RHB Richard Riggs
|
0-0: Ball 1-0: Foul Ball, location: 2F Pickoff Throw to First - Out! 1-3 1-1: Ball 2-1: Swinging Strike 2-2: SINGLE (Groundball, 4D, EV 105.0 MPH)
|
|
Batting: RHB Herbert Loveless
|
0-0: Ball 1-0: Foul Ball, location: 2F 1-1: Ball Richard Riggs steals 2nd base 2-1: Foul Ball, location: 2F 2-2: Ball 3-2: DOUBLE (Flyball, 78XD, EV 110.6 MPH) Richard Riggs scores
|
|
Batting: RHB Ben Politi
|
0-0: Called Strike 0-1: Called Strike 0-2: Strikes out looking
|
| Bottom of the 2nd over - 1 run, 2 hits, 0 errors, 1 left on base; Hillsboro 1 - State College 1 |
| TOP OF THE 3RD |
|
Hillsboro Hops batting - Pitching for State College Spikes : RHP Nick Mistretta
|
|
Batting: LHB Soo-yeon Kym
|
0-0: Called Strike 0-1: Fly out, F8 (Flyball, 8RD, EV 91.2 MPH)
|
|
Batting: RHB Wen-hua Lei
|
0-0: Ball 1-0: Ball 2-0: Ball 3-0: Base on Balls
|
|
Batting: RHB Ian Sousa
|
0-0: Called Strike 0-1: Ball Wen-hua Lei steals 2nd base 1-1: Swinging Strike 1-2: Ground out 1-3 (Groundball, 34S, EV 66.9 MPH) Wen-hua Lei to third
|
|
Batting: RHB Josh Burrows
|
0-0: SINGLE (Groundball, 6D, EV 101.9 MPH) Wen-hua Lei scores
|
|
Batting: RHB Jeremy Adams
|
0-0: Ball 1-0: Called Strike 1-1: Ground out 5-3 (Groundball, 15, EV 90.6 MPH)
|
| Top of the 3rd over - 1 run, 1 hit, 0 errors, 1 left on base; Hillsboro 2 - State College 1 |
| BOTTOM OF THE 3RD |
|
State College Spikes batting - Pitching for Hillsboro Hops : RHP John Palumbo
|
|
Batting: RHB Tim Cleary
|
0-0: Bunt missed! 0-1: DOUBLE (Line Drive, 9LS, EV 113.1 MPH)
|
|
Batting: RHB Fekadu Alhaadi
|
0-0: Ball 1-0: Ball 2-0: SINGLE (Groundball, 4MD, EV 103.8 MPH) Tim Cleary to third
|
|
Batting: LHB Billy Guzman
|
0-0: Ball Fekadu Alhaadi steals 2nd base 1-0: Foul Ball, location: 2F 1-1: Ground out 4-3 (Groundball, 4, EV 82.5 MPH) Tim Cleary scores Fekadu Alhaadi to third
|
|
Batting: LHB Travis Ruppel
|
0-0: Ball 1-0: Called Strike 1-1: Foul Ball, location: 2F 1-2: Foul Ball, location: 2F 1-2: Ball 2-2: 2-RUN HOME RUN (Flyball, 78XD, EV 108.1 MPH), Distance : 431 ft
|
|
Batting: RHB Jose Jimenez
|
0-0: Foul Ball, location: 2F 0-1: Ball 1-1: DOUBLE (Line Drive, 78M, EV 105.0 MPH)
|
|
Batting: LHB Jorge Zarazua
|
0-0: Called Strike Jose Jimenez steals 3rd base 0-1: Swinging Strike 0-2: Foul Ball, location: 2F 0-2: Ball 1-2: 2-RUN HOME RUN (Flyball, 89XD, EV 112.5 MPH), Distance : 428 ft
|
|
Pitching: RHP Rory Bornt
|
|
|
Batting: RHB Richard Riggs
|
0-0: Ball 1-0: Ball 2-0: Ball 3-0: Base on Balls
|
|
Batting: RHB Herbert Loveless
|
0-0: Called Strike 0-1: DOUBLE (Line Drive, 7LM, EV 97.5 MPH) Richard Riggs to third
|
|
Batting: RHB Ben Politi
|
0-0: Ball 1-0: Ball 2-0: Ball 3-0: Called Strike 3-1: Swinging Strike 3-2: Foul Ball, location: 2F 3-2: Foul Ball, location: 2F 3-2: Strikes out swinging
|
|
Batting: RHB Tim Cleary
|
0-0: Foul Ball, location: 2F 0-1: Ball 1-1: Ball 2-1: Swinging Strike 2-2: Ball 3-2: Strikes out swinging
|
| Bottom of the 3rd over - 5 runs, 6 hits, 0 errors, 2 left on base; Hillsboro 2 - State College 6 |
| TOP OF THE 4TH |
|
Hillsboro Hops batting - Pitching for State College Spikes : RHP Nick Mistretta
|
|
Batting: RHB Antonio Luisa
|
0-0: Ground out 6-3 (Groundball, 6, EV 83.8 MPH)
|
|
Batting: LHB Ivan Cortez
|
0-0: Called Strike 0-1: Foul Ball, location: 2F 0-2: Ball 1-2: Ball 2-2: Strikes out looking
|
|
Batting: RHB Trevor Corey
|
0-0: Ball 1-0: Called Strike 1-1: Called Strike 1-2: Foul Ball, location: 2F 1-2: Strikes out swinging
|
| Top of the 4th over - 0 runs, 0 hits, 0 errors, 0 left on base; Hillsboro 2 - State College 6 |
| BOTTOM OF THE 4TH |
|
State College Spikes batting - Pitching for Hillsboro Hops : RHP Rory Bornt
|
|
Batting: RHB Fekadu Alhaadi
|
0-0: Ball 1-0: Ball 2-0: Ball 3-0: Base on Balls
|
|
Batting: LHB Billy Guzman
|
0-0: Called Strike 0-1: Ball 1-1: Ball 2-1: 2-RUN HOME RUN (Flyball, 9D, EV 104.4 MPH), Distance : 412 ft
|
|
Batting: LHB Travis Ruppel
|
0-0: Foul Ball, location: 2F 0-1: Foul Ball, location: 2F 0-2: Foul Ball, location: 2F 0-2: Strikes out swinging
|
|
Batting: RHB Jose Jimenez
|
0-0: SINGLE (Line Drive, 4MD, EV 94.4 MPH)
|
|
Batting: LHB Jorge Zarazua
|
0-0: Called Strike 0-1: Ball 1-1: Swinging Strike 1-2: Foul Ball, location: 2F 1-2: Ground out 4-3 (Groundball, 13, EV 84.4 MPH) Jose Jimenez to second
|
|
Batting: RHB Richard Riggs
|
0-0: Ground out 4-3 (Groundball, 4, EV 87.5 MPH)
|
| Bottom of the 4th over - 2 runs, 2 hits, 0 errors, 1 left on base; Hillsboro 2 - State College 8 |
| TOP OF THE 5TH |
|
Hillsboro Hops batting - Pitching for State College Spikes : RHP Nick Mistretta
|
|
Batting: RHB Brandon Joshua
|
0-0: Foul Ball, location: 2F 0-1: Called Strike 0-2: DOUBLE (Groundball, 5L, EV 95.6 MPH)
|
|
Batting: LHB Soo-yeon Kym
|
0-0: Ball 1-0: Ground out 6-3 (Groundball, 6, EV 105.6 MPH)
|
|
Batting: RHB Wen-hua Lei
|
0-0: Ball 1-0: Ball 2-0: Ball Brandon Joshua steals 3rd base 3-0: Called Strike 3-1: Foul Ball, location: 2F 3-2: Ground out 4-3 (Groundball, 4S, EV 85.6 MPH) Brandon Joshua scores
|
|
Batting: RHB Ian Sousa
|
0-0: Called Strike 0-1: DOUBLE (Line Drive, 8RXD, EV 98.8 MPH)
|
|
Pitching: RHP Joe Cornell
|
|
|
Batting: RHB Josh Burrows
|
0-0: Foul Ball, location: 2F 0-1: Foul Ball, location: 2F 0-2: Ball 1-2: Ball 2-2: Strikes out swinging
|
| Top of the 5th over - 1 run, 2 hits, 0 errors, 1 left on base; Hillsboro 3 - State College 8 |
| BOTTOM OF THE 5TH |
|
State College Spikes batting - Pitching for Hillsboro Hops : RHP Rory Bornt
|
|
Batting: RHB Herbert Loveless
|
0-0: Called Strike 0-1: Ball 1-1: Ball 2-1: Ball 3-1: Base on Balls
|
|
Pitching: RHP Jake Priest
|
|
|
Batting: RHB Ben Politi
|
0-0: SINGLE (Line Drive, 89S, EV 102.5 MPH) Herbert Loveless to second
|
|
Batting: RHB Tim Cleary
|
0-0: Fly out, F8 (Line Drive, 8RM, EV 91.9 MPH)
|
|
Batting: RHB Fekadu Alhaadi
|
0-0: Called Strike 0-1: Foul Ball, location: 2F 0-2: Fly out, F8 (Flyball, 8RM, EV 83.1 MPH)
|
|
Batting: LHB Billy Guzman
|
0-0: Swinging Strike 0-1: Foul Ball, location: 2F 0-2: Ball 1-2: Foul Ball, location: 2F 1-2: Strikes out looking
|
| Bottom of the 5th over - 0 runs, 1 hit, 0 errors, 2 left on base; Hillsboro 3 - State College 8 |
| TOP OF THE 6TH |
|
Hillsboro Hops batting - Pitching for State College Spikes : RHP Joe Cornell
|
|
Batting: RHB Jeremy Adams
|
0-0: Fly out, F7 (Flyball, 8LS, EV 77.5 MPH)
|
|
Batting: RHB Antonio Luisa
|
0-0: Ball 1-0: Foul Ball, location: 2F 1-1: Foul Ball, location: 2F 1-2: Fly out, F4 (Popup, 34, EV 65.6 MPH)
|
|
Batting: LHB Ivan Cortez
|
0-0: Called Strike 0-1: Ball 1-1: Called Strike 1-2: Foul Ball, location: 2F 1-2: Ball 2-2: Ball 3-2: Base on Balls
|
|
Batting: RHB Trevor Corey
|
0-0: Ball Ivan Cortez steals 2nd base 1-0: Called Strike 1-1: Ball 2-1: Swinging Strike 2-2: Strikes out swinging
|
| Top of the 6th over - 0 runs, 0 hits, 0 errors, 1 left on base; Hillsboro 3 - State College 8 |
| BOTTOM OF THE 6TH |
|
State College Spikes batting - Pitching for Hillsboro Hops : RHP Jake Priest
|
|
Batting: LHB Travis Ruppel
|
0-0: Ball 1-0: Swinging Strike 1-1: Ball 2-1: Foul Ball, location: 2F 2-2: Foul Ball, location: 2F 2-2: Ball 3-2: Foul Ball, location: 2F 3-2: Foul Ball, location: 2F 3-2: Base on Balls
|
|
Batting: RHB Jose Jimenez
|
0-0: Foul Ball, location: 2F 0-1: Ball 1-1: Called Strike 1-2: Ground out 5-3 (Groundball, 56S, EV 70.0 MPH) Travis Ruppel to second
|
|
Pitching: RHP Alan Muth
|
|
|
Batting: LHB Jorge Zarazua
|
0-0: Ball 1-0: Called Strike Travis Ruppel steals 3rd base 1-1: Ball 2-1: Ball 3-1: Foul Ball, location: 2F 3-2: DOUBLE (Line Drive, 9LS, EV 106.2 MPH) Travis Ruppel scores
|
|
Batting: RHB Richard Riggs
|
0-0: Foul Ball, location: 2F 0-1: Ball 1-1: Called Strike 1-2: Foul Ball, location: 2F 1-2: Strikes out looking
|
|
Batting: RHB Herbert Loveless
|
0-0: Ball 1-0: Fly out, F5 (Line Drive, 5L, EV 72.5 MPH)
|
| Bottom of the 6th over - 1 run, 1 hit, 0 errors, 1 left on base; Hillsboro 3 - State College 9 |
| TOP OF THE 7TH |
|
Hillsboro Hops batting - Pitching for State College Spikes : RHP Joe Cornell
|
|
Batting: RHB Brandon Joshua
|
0-0: Swinging Strike 0-1: Ball 1-1: Foul Ball, location: 2F 1-2: Strikes out swinging
|
|
Batting: LHB Soo-yeon Kym
|
0-0: Ball 1-0: Ball 2-0: Ball 3-0: Base on Balls
|
|
Batting: RHB Wen-hua Lei
|
0-0: Ball 1-0: Swinging Strike 1-1: Ball 2-1: Foul Ball, location: 2F 2-2: Ball 3-2: Foul Ball, location: 2F 3-2: Strikes out swinging
|
|
Batting: RHB Ian Sousa
|
0-0: Ball 1-0: Called Strike 1-1: Ball 2-1: Swinging Strike 2-2: Ball 3-2: Strikes out swinging, 2-3 out at first.
|
| Top of the 7th over - 0 runs, 0 hits, 0 errors, 1 left on base; Hillsboro 3 - State College 9 |
| BOTTOM OF THE 7TH |
|
State College Spikes batting - Pitching for Hillsboro Hops : RHP Alan Muth
|
|
Batting: RHB Ben Politi
|
0-0: Ball 1-0: Ball 2-0: SINGLE (Line Drive, 89S, EV 95.0 MPH)
|
|
Pitching: RHP Ronnie DeAngelo
|
|
|
Batting: RHB Tim Cleary
|
0-0: Ball Ben Politi steals 2nd base 1-0: DOUBLE (Line Drive, 9LS, EV 114.4 MPH) Ben Politi scores
|
|
Batting: RHB Fekadu Alhaadi
|
0-0: Ball Tim Cleary steals 3rd base 1-0: Ball 2-0: Foul Ball, location: 2F 2-1: Swinging Strike Passed Ball! Tim Cleary scores 2-2: Fly out, F9 (Flyball, 9, EV 95.6 MPH)
|
|
Batting: LHB Billy Guzman
|
0-0: Called Strike 0-1: Ball 1-1: Foul Ball, location: 2F 1-2: Ball 2-2: Strikes out swinging
|
|
Batting: LHB Travis Ruppel
|
0-0: Ground out 6-3 (Groundball, 6, EV 80.6 MPH)
|
| Bottom of the 7th over - 2 runs, 2 hits, 0 errors, 0 left on base; Hillsboro 3 - State College 11 |
| TOP OF THE 8TH |
|
Hillsboro Hops batting - Pitching for State College Spikes : RHP Joe Cornell
|
|
Batting: RHB Josh Burrows
|
0-0: Swinging Strike 0-1: Called Strike 0-2: Foul Ball, location: 2F 0-2: Foul Ball, location: 2F 0-2: Ball 1-2: Ball 2-2: Strikes out swinging
|
|
Batting: RHB Jeremy Adams
|
0-0: Ball 1-0: Called Strike 1-1: Ball 2-1: Swinging Strike 2-2: Strikes out looking
|
|
Batting: RHB Antonio Luisa
|
0-0: Ball 1-0: Ground out 6-3 (Groundball, 6, EV 85.6 MPH)
|
| Top of the 8th over - 0 runs, 0 hits, 0 errors, 0 left on base; Hillsboro 3 - State College 11 |
| BOTTOM OF THE 8TH |
|
State College Spikes batting - Pitching for Hillsboro Hops : RHP Ronnie DeAngelo
|
|
Batting: RHB Jose Jimenez
|
0-0: Foul Ball, location: 2F 0-1: Fly out, F8 (Flyball, 8RD, EV 81.9 MPH)
|
|
Batting: LHB Jorge Zarazua
|
0-0: Ball 1-0: Ball 2-0: Ball 3-0: Called Strike 3-1: Called Strike 3-2: Foul Ball, location: 2F 3-2: Foul Ball, location: 2F 3-2: Strikes out swinging
|
|
Batting: RHB Richard Riggs
|
0-0: Ball 1-0: Fly out, F8 (Flyball, 8LD, EV 103.1 MPH)
|
| Bottom of the 8th over - 0 runs, 0 hits, 0 errors, 0 left on base; Hillsboro 3 - State College 11 |
| TOP OF THE 9TH |
|
Hillsboro Hops batting - Pitching for State College Spikes : RHP Joe Cornell
|
|
Pitching: RHP Tony Bonilla
|
|
|
Batting: LHB Ivan Cortez
|
0-0: Ball 1-0: Ball 2-0: Foul Ball, location: 2F 2-1: Fly out, F7 (Flyball, 78M, EV 93.1 MPH)
|
|
Batting: RHB Trevor Corey
|
0-0: Ball 1-0: Ball 2-0: Ball 3-0: Base on Balls
|
|
Batting: RHB Brandon Joshua
|
0-0: Ball 1-0: Swinging Strike 1-1: Foul Ball, location: 2F 1-2: Ball 2-2: Ball 3-2: Fly out, F8 (Flyball, 8RM, EV 84.4 MPH)
|
|
Batting: LHB Soo-yeon Kym
|
0-0: Called Strike 0-1: Ball 1-1: Ball 2-1: Foul Ball, location: 2F 2-2: Ball 3-2: Strikes out swinging
|
| Top of the 9th over - 0 runs, 0 hits, 0 errors, 1 left on base; Hillsboro 3 - State College 11 |
|